 Dungeon Crawl Stone Soup version 0.25.1-9-gc5326a611f (webtiles) character file.

Game seed: 49723377422007745

17 Ge0ff the Cutter (level 2, 0/17 HPs)
             Began as a Tengu Skald on Mar 25, 2022.
             Slain by a gnoll
             ... wielding a +0 club
              (7 damage)
             ... on level 1 of the Dungeon.
             The game lasted 00:03:20 (1103 turns).

Ge0ff the Cutter (Tengu Skald)                      Turns: 1103, Time: 00:03:21

Health: 0/17       AC:  3    Str: 11    XL:     2   Next: 62%
Magic:  4/6        EV: 12    Int: 13    God:
Gold:   53         SH:  0    Dex: 13    Spells: 4/5 levels left

rFire    . . .     SeeInvis .   a - +0 short sword
rCold    . . .     Gourm    .   (no shield)
rNeg     . . .     Faith    .   b - +0 leather armour
rPois    .         Spirit   .   (helmet restricted)
rElec    .         Reflect  .   (no cloak)
rCorr    .         Harm     .   (no gloves)
MR       .....                  (boots unavailable)
Stlth    +.........             (no amulet)
HPRegen  0.05/turn              (no ring)
MPRegen  0.10/turn              (no ring)

@: brilliant, infused
A: beak, talons 3
a: no special abilities


You were on level 1 of the Dungeon.
You were hungry.

You visited 1 branch of the dungeon, and saw 2 of its levels.

You collected 53 gold pieces.

Inventory:

Hand Weapons
 a - a +0 short sword (weapon)
Missiles
 x - 20 sling bullets
 y - 26 stones (quivered)
Armour
 b - a +0 leather armour (worn)
Scrolls
 o - a scroll of immolation {unknown}
 s - a scroll of fog {unknown}
 u - a scroll of identify {unknown}
 w - a scroll of amnesia {unknown}
 A - a scroll of enchant weapon {unknown}
 C - a scroll of remove curse
Potions
 p - 2 potions of heal wounds {unknown}
 q - a potion of lignification {unknown}
 z - a potion of brilliance
Comestibles
 n - a chunk of flesh
 r - 2 rations


   Skills:
 - Level 2.0 Fighting
 + Level 3.2 Short Blades
 - Level 1.1 Armour
 - Level 2.1 Dodging
 - Level 1.0 Stealth
 - Level 2.0 Spellcasting
 - Level 2.4 Charms


You had 4 spell levels left.
You knew the following spells:

 Your Spells              Type           Power        Failure   Level  Hunger
s - Infusion              Chrm           ##..         13%         1    None

Your spell library contained the following spells:

 Spells                   Type           Power        Failure   Level  Hunger
 Song of Slaying          Chrm           ##......     19%         2    None
 Shroud of Golubria       Chrm/Tloc      #.....       30%         2    None
 Ozocubu's Armour         Chrm/Ice       #.......     52%         3    None
 Spectral Weapon          Hex/Chrm       #.......     52%         3    None


Dungeon Overview and Level Annotations

Branches:
Dungeon (2/15)

Altars:


Innate Abilities, Weirdness & Mutations

You have a beak for a mouth.
You have claws for feet.


Message History

It was a potion of brilliance.
You feel clever all of a sudden.
z - a potion of brilliance;
o - a scroll labeled ONECERGH INOYL The gnoll misses you.
Some of the chunks of flesh in your inventory have rotted away.
Casting: Infusion (safe; 13% risk of failure)
Confirm with . or Enter, or press ? or * to list all spells.
You feel a surge of power!
You begin infusing your attacks with magical energy.
You are feeling hungry.
You barely miss the gnoll. You peck the gnoll.
The gnoll is lightly wounded.
The gnoll hits you but does no damage.
You barely miss the gnoll. Your kick misses the gnoll.
The gnoll is lightly wounded.
The gnoll hits you with a +0 club.
You hit the gnoll. Your kick misses the gnoll.
The gnoll is heavily wounded.
The gnoll hits you with a +0 club!
You die...

.##..# ########..#.# #.#.# ...#.#
##....#...#.# #.#.# .....#
##..##.#...#.# #.#)#
.#######..##..#...#.# #.#.# '##
##.......##..#.#########.#.# ..#
##...#.##..##......^......#.#
..###...##..#...###.##..........#
..##...###..#.#g.##..........####
..#...## #....##@.####.#####.#
..#..## #.##.###..###.# #.#
..#...####.##.# ##..##.# #.#
..#....#......# ##....# #.#
..##.<.#.####.# ##...# ###
..#....#......# ##....##########
..#...####.#..# ##..##...........
..#..## #.##.###..##############
..##..## #.#..##..##


You could see a gnoll.

Vanquished Creatures
  3 bats (D:1)
  2 giant cockroaches (D:1)
  2 goblins (D:1)
  3 hobgoblins (D:1)
  3 kobolds (D:1)
  2 rats (D:1)
15 creatures vanquished.

Notes
Turn   | Place    | Note
-------+----------+-------------------------------------------
     0 | D:1      | Ge0ff the Tengu Skald began the quest for the Orb.
     0 | D:1      | Reached XP level 1. HP: 12/12 MP: 4/4
   139 | D:1      | Reached skill level 1 in Stealth
   406 | D:1      | Reached XP level 2. HP: 11/17 MP: 6/6
   706 | D:1      | Reached skill level 3 in Short Blades
  1103 | D:1      | Slain by a gnoll

Illustrated notes

Levels and vault maps discovered:
D:1:      dpeg_chamrin_arrival_tetris, layout_basic,
          minmay_misc_feat_secret_circle
D:2:      layout_basic

Skill      XL: |  1  2 |
---------------+-------+-----
Stealth        | 1 |  1.0
Short Blades   | 3 |  3.2
Fighting       | |  2.0
Armour         | |  1.1
Dodging        | |  2.1
Spellcasting   | |  2.0
Charms         | |  2.4

Action                   || total
-------------------------++-------
Melee: Short sword       ||    34
       Kick              ||     6
       Peck              ||     4
Throw: Stone             ||    17
 Cast: Infusion          ||     1
  Use: Scroll            ||     1
       Potion            ||     1
Armor: Leather armour    ||     5
Dodge: Dodged            ||    11

Levels and vault maps discovered:
D:1:      dpeg_chamrin_arrival_tetris, layout_basic,
          minmay_misc_feat_secret_circle
D:2:      layout_basic
